 Dungeon Crawl Stone Soup version 0.30-a0-782-ge64f9170bb (webtiles) character file.

Game seed: 691637645096606183

4151 112233 the Spry (level 10, -1/49 HPs)
             Began as a Felid Venom Mage on Feb 24, 2023.
             Was a Priest of Vehumet.
             Slain by a centaur warrior (7 damage)
             ... on level 13 of the Dungeon.
             The game lasted 00:29:48 (22540 turns).

112233 the Spry (Felid Venom Mage)                 Turns: 22540, Time: 00:29:49

Health: -1/49      AC:  2    Str:  4    XL:     10   Next: 7%
Magic:  19/24      EV: 14    Int: 22    God:    Vehumet [***...]
Gold:   853        SH:  0    Dex: 16    Spells: 7/28 levels left
                                        Lives:  0   Deaths: 3

rFire   . . .      SeeInvis +    (weapon unavailable)
rCold   . . .      Faith    .    (shield unavailable)
rNeg    + . .      Spirit   .    (body armour unavailable)
rPois   .          Reflect  .    (helmet unavailable)
rElec   .          Harm     .    (cloak unavailable)
rCorr   .          Rampage  .    (gloves unavailable)
Will    ++++.      Clarity  +    (boots unavailable)
Stlth   ++                       v - amulet of the Four Winds {rN+ Will+++ Clar}
HPRegen 0.28/turn                (no ring)
MPRegen 0.19/turn                (no ring)

@: petrifying, slowed, studying Dodging, very slow
A: very small, claws 1, fangs 3, see invisible, speed 1, shaggy fur 2, stealthy
paws, no weapons or thrown items, no armour, multi-lived
a: Renounce Religion


You were on level 13 of the Dungeon.
You worshipped Vehumet.
Vehumet was most pleased with you.
You visited 2 branches of the dungeon, and saw 14 of its levels.

You collected 2264 gold pieces.
You spent 1411 gold pieces at shops.

Inventory:

Jewellery
 d - an amulet of reflection
 i - a ring of fire
 v - the amulet of the Four Winds (around neck) {rN+ Will+++ Clar}
   (You bought it in a shop on level 6 of the Dungeon)

   [amulet of nothing]

   rN:        It protects you from negative energy.
   Clar:      It protects you against confusion.
   Will:      It greatly increases your willpower.
Wands
 k - a wand of polymorph (12)
 n - a wand of flame (23)
 w - a wand of acid (17)
 x - a wand of mindburst (9)
 y - a wand of digging (5)
 B - a wand of roots (7)
Scrolls
 c - 5 scrolls of enchant armour
 f - 2 scrolls of magic mapping
 h - 2 scrolls of identify
 j - a scroll of fog
 l - 6 scrolls of teleportation
 m - 3 scrolls of poison
 r - a scroll of summoning
 t - 3 scrolls of fear
Potions
 a - 3 potions of magic
 b - 6 potions of flight
 e - a potion of haste
 g - a potion of might
 o - 2 potions of invisibility
 p - 6 potions of attraction
 q - 2 potions of mutation
 s - 4 potions of curing
 u - 3 potions of lignification
 z - 2 potions of heal wounds
 A - a potion of ambrosia


   Skills:
 + Level 9.0 Fighting
 + Level 16.5 Dodging
 - Level 3.3 Stealth
 + Level 9.8 Spellcasting
 + Level 7.5 Conjurations
 - Level 1.1 Transmutations
 + Level 5.5 Earth Magic
 - Level 4.0 Poison Magic


You had 7 spell levels left.
You knew the following spells:

 Your Spells              Type           Power      Damage    Failure   Level
a - Sting                 Tmut/Pois      88%        1d7       2%          1
b - Poisonous Vapours     Pois/Air       38%        N/A       1%          2
c - Stone Arrow           Conj/Erth      78%        3d11      1%          3
d - Olgreb's Toxic Radia  Pois           28%        N/A       3%          4
e - Mephitic Cloud        Conj/Pois/Air  27%        N/A       1%          3
f - Sandblast             Erth           70%        2d15      1%          1
g - Blink                 Tloc           20%        N/A       10%         2
h - Lee's Rapid Deconstr  Erth           17%        3d11*     5%          5

Your spell library contained the following spells:

 Spells                   Type           Power      Damage    Failure   Level
 Static Discharge         Conj/Air       54%        2-5/arc   1%          2
 Passwall                 Tmut/Erth      20%        N/A       2%          2
 Ignite Poison            Fire/Tmut/Pois 18%        N/A       2%          3
 Cigotuvi's Dreadful Rot  Necr/Pois/Air  32%        N/A       5%          2
 Inner Flame              Hex/Fire       10%        N/A       5%          3
 Irradiate                Conj/Tmut      15%        3d16      8%          5
 Freezing Cloud           Conj/Ice/Air   10%        6-21      16%         5
 Call Canine Familiar     Summ           10%        N/A       19%         3
 Vhi's Electric Charge    Tloc/Air       20%        N/A       19%         3
 Leda's Liquefaction      Hex/Erth       11%        N/A       21%         4
 Ice Form                 Ice/Tmut       13%        N/A       43%         4
 Dispel Undead            Necr           10%        3d9       52%         4
 Manifold Assault         Tloc           10%        N/A       52%         4
 Statue Form              Tmut/Erth      16%        N/A       94%         6
 Death Channel            Necr           5%         N/A       100%        6
 Simulacrum               Ice/Necr       5%         N/A       100%        6
 Storm Form               Tmut/Air       6%         N/A       100%        7
 Lehudib's Crystal Spear  Conj/Erth      19%        10d6      99%         8
 Polar Vortex             Ice            5%         N/A       100%        9
 Shatter                  Erth           17%        3d16*     100%        9
 Portal Projectile        Hex/Tloc       Unusable   N/A       N/A         3
 Animate Armour           Summ/Erth      Unusable   N/A       N/A         4

Dungeon Overview and Level Annotations

Branches:
Dungeon (13/15)            Temple (1/1) D:5            Lair (0/5) D:9
    Orc: D:9-12      Vaults: D:13-14

Altars:
Ashenzari
Cheibriados
Dithmenos
Elyvilon
Fedhas
Gozag
Hepliaklqana
Kikubaaqudgha
Makhleb
Nemelex Xobeh
Okawaru
Qazlal
Ru
Sif Muna
Trog
Uskayaw
Vehumet
Wu Jian
Xom
Yredelemnul
Zin
The Shining One

Shops:
D:6 *   D:10 [

Annotations:
D:4 exclusion: downstairs
D:5 2 transporters, exclusion: downstairs, Touch's ghost, amateur DsFi
D:6 exclusion: 2 downstairs
D:8 exclusion: downstairs
D:12 1 transporter, Nergalle; TryHard88's ghost, journeyman MiBe


Innate Abilities, Weirdness & Mutations

You have sharp claws.
You have razor-sharp teeth.
You have supernaturally acute eyesight. (SInv)
You cover ground quickly. (Speed+)
You are covered in thick fur. (AC +2)
Your paws help you pounce on unaware monsters.
You are incapable of wielding weapons or throwing items.
You cannot wear armour.
You gain extra lives every three experience levels.


Message History

The wraith is heavily damaged.
The centaur warrior shoots an arrow.
The arrow completely misses you. The wraith hits you.
The wraith drains your vigour!
You feel yourself slow down.
Casting: Stone Arrow (safe; 1% risk of failure)
Confirm with . or Enter, or press ? or * to list all spells.
Aiming: Stone Arrow (safe; 1% risk of failure)
Press: ? - help, Shift-Dir - straight line, f/p - wraith
Aim: a wraith (heavily damaged, 74% to hit)
The stone arrow hits the wraith!
You destroy the wraith!
Vehumet accepts your kill.
You feel your power returning. The centaur warrior hits you!
The centaur warrior completely misses you.
The centaur warrior shoots an arrow.
The arrow hits you! The centaur warrior barely misses you.
The centaur warrior completely misses you.
The centaur warrior shoots an arrow.
The arrow hits you!
* * * LOW HITPOINT WARNING * * *
The catoblepas breathes a plume of calcifying dust at you.
The blast of calcifying dust hits the centaur warrior.
The blast of calcifying dust hits you.
* * * LOW HITPOINT WARNING * * *
The centaur warrior completely misses you.
The centaur warrior kicks you but does no damage.
Your Fighting skill increases to level 9!
Casting: Stone Arrow (safe; 1% risk of failure)
Confirm with . or Enter, or press ? or * to list all spells.
Aiming: Stone Arrow (safe; 1% risk of failure)
Press: ? - help, Shift-Dir - straight line, f - centaur warrior
Aim: a centaur warrior (81% to hit)
The stone arrow hits the centaur warrior!
The centaur warrior is lightly wounded.
You are engulfed in calcifying dust.
You are slowing down.
The centaur warrior is engulfed in calcifying dust.
The centaur warrior is moving more slowly.
The centaur warrior shoots an arrow.
The arrow barely misses you. The centaur warrior hits you!
You die...

..............c...
....................#
.....................
.....................
.......<...........
^.......!...Y.....
............c##.##
..)....!..†Wc§..###
...........##@....#
....######.##.§#############
..........>...§####........#
....#...#......§..#........#
#..........§..#........#
#...##.........#.....<.^#
... #.#######..........# ..
#.. #....#........# . #..#
#...####........#


You could see a catoblepas, 2 centaur warriors and a wraith.

Vanquished Creatures
  A boulder beetle (D:13)
  Lodul (D:11)
  Pikel (D:6)
  2 cyclopes
  2 orc sorcerers (D:8)
  A gargoyle (D:12)
  2 unseen horrors
  A freezing wraith (D:11)
  4 trolls
  Grinder (D:6)
  Prince Ribbit (D:6)
  Sigmund (D:6)
  A shadow (D:12)
  21 yaks
  2 wraiths
  A vampire (D:10)
  A wyvern (D:7)
  Eustachio (D:6)
  2 steam dragons
  Menkaure (D:6)
  2 vampire mosquitoes (D:11)
  2 wargs (D:9)
  2 acid dragons
  Duvessa (D:6)
  3 orc warriors
  3 ice beasts
  3 sky beasts
  9 ogres
  4 centaurs
  A lemure (D:6)
  A phantom (D:5)
  5 kobold brigands
  Blork the orc (D:4)
  2 gnoll sergeants (D:7)
  2 bullfrogs
  2 necrophages
  2 scorpions
  Dowan (D:6)
  4 wights (D:10)
  13 killer bees
  3 howler monkeys
  A hound (D:5)
  2 jellies
  4 orc priests
  Crazy Yiuf (D:3)
  3 gnoll boudas
  4 iguanas
  Terence (D:1)
  7 orc wizards
  21 gnolls
  8 adders
  4 white imps
  3 ufetubi
  4 worms
  2 dart slugs
  30 orcs
  5 endoplasms
  4 giant cockroaches
  18 goblins
  11 hobgoblins
  3 jackals (D:1)
  8 quokkas
  12 ball pythons
  2 bats (D:2)
  5 frilled lizards
  17 kobolds
  5 rats
299 creatures vanquished.

Vanquished Creatures (collateral kills)
  Robin (D:3)
  2 hobgoblins (D:3)
3 creatures vanquished.

Grand Total: 302 creatures vanquished

Notes
Turn   | Place    | Note
-------+----------+-------------------------------------------
     0 | D:1      | 112233 the Felid Venom Mage began the quest for the Orb.
     0 | D:1      | Reached XP level 1. HP: 7/7 MP: 4/4
   450 | D:2      | Reached XP level 2. HP: 11/11 MP: 0/6
   779 | D:2      | Learned a level 2 spell: Poisonous Vapours
  1334 | D:2      | Noticed Terence
  1370 | D:1      | Reached XP level 3. HP: 12/14 MP: 6/8
  1461 | D:1      | Killed Terence
  2295 | D:1      | Reached XP level 4. HP: 18/18 MP: 2/10
  3849 | D:3      | Learned a level 3 spell: Mephitic Cloud
  3961 | D:3      | Reached XP level 5. HP: 18/21 MP: 3/12
  4163 | D:3      | Found a runed translucent door.
  4164 | D:3      | Noticed Crazy Yiuf
  4586 | D:3      | Found a sacrificial altar of Ru.
  4587 | D:3      | Noticed Robin
  4624 | D:3      | Learned a level 4 spell: Olgreb's Toxic Radiance
  4748 | D:3      | Killed Robin
  4935 | D:3      | Reached skill level 3 in Dodging
  4992 | D:3      | Found a hazy altar of Hepliaklqana.
  4995 | D:3      | Found a basalt altar of Yredelemnul.
  5362 | D:3      | Identified the +1 sling of Impeachment {drain, Str+6 Dex+3}
  5507 | D:3      | Killed Crazy Yiuf
  5508 | D:3      | Reached skill level 4 in Dodging
  5654 | D:4      | Reached skill level 5 in Spellcasting
  5806 | D:4      | Found a white marble altar of Elyvilon.
  5961 | D:4      | Gained mutation: You are covered in thick fur. (AC +2)
                  | [Felid growth]
  5961 | D:4      | Reached XP level 6. HP: 25/25 MP: 1/14
  6790 | D:4      | Reached skill level 1 in Fighting
  6804 | D:4      | Reached skill level 5 in Dodging
  7306 | D:5      | Entered Level 5 of the Dungeon
  7676 | D:6      | Noticed Pikel
  7681 | D:5      | Learned a level 1 spell: Sandblast
  7700 | D:5      | Reached skill level 6 in Dodging
  7936 | D:5      | Reached XP level 7. HP: 21/30 MP: 8/16
  8070 | D:5      | Found a transporter.
  8072 | D:5      | Noticed Touch's ghost (amateur DsFi)
  8198 | D:5      | Found a transporter.
  8353 | D:5      | Found a staircase to the Ecumenical Temple.
  8387 | D:5      | Reached skill level 7 in Dodging
  8410 | Temple   | Entered the Ecumenical Temple
  8511 | Temple   | Became a worshipper of Vehumet
  8930 | D:5      | You fall into a shaft and drop 2 floors!
  8941 | D:7      | Reached skill level 1 in Conjurations
  8952 | D:7      | Reached skill level 8 in Dodging
  8963 | D:6      | Noticed Grinder
  9032 | D:6      | Found Epiurphae's Assorted Antiques.
  9049 | D:6      | Reached XP level 8. HP: 15/36 MP: 8/18
  9107 | D:6      | Identified a scroll of acquirement
  9107 | D:6      | Acquired the Directory of Angles and Transformation
  9275 | D:5      | Noticed Blork the orc
  9275 | D:5      | Noticed Eustachio
  9323 | D:6      | Reached skill level 9 in Dodging
  9442 | D:6      | Noticed Duvessa
  9515 | D:6      | Noticed Dowan
  9519 | D:6      | HP: 1/54 [white imp (3)]
  9519 | D:6      | Slain by a white imp
  9520 | D:6      | Reached XP level 7. HP: -3/48 MP: 12/17
  9840 | D:4      | Killed Blork the orc
 10026 | D:6      | Noticed Sigmund
 10043 | D:6      | Killed Sigmund
 10177 | D:6      | Noticed Prince Ribbit
 10192 | D:6      | Killed Prince Ribbit
 10193 | D:6      | Reached skill level 10 in Dodging
 10193 | D:6      | Reached XP level 8. HP: 19/36 MP: 1/19
 10422 | D:6      | Noticed Menkaure
 10585 | D:6      | Killed Eustachio
 10585 | D:6      | Reached * piety under Vehumet
 10585 | D:6      | Offered knowledge of Magic Dart by Vehumet.
 10586 | D:6      | Reached skill level 5 in Fighting
 10615 | D:6      | Killed Grinder
 10786 | D:6      | Killed Pikel
 10787 | D:6      | Reached skill level 11 in Dodging
 10787 | D:6      | Reached XP level 9. HP: 26/41 MP: 5/21
 11354 | D:6      | Killed Menkaure
 11705 | D:6      | Killed Duvessa
 11707 | D:6      | Killed Dowan
 11708 | D:6      | Reached skill level 12 in Dodging
 12198 | D:6      | Bought a ruby potion for 19 gold pieces
 12198 | D:6      | Bought a ruby potion for 19 gold pieces
 12198 | D:6      | Bought a coppery potion for 19 gold pieces
 12198 | D:6      | Bought a coppery potion for 19 gold pieces
 12545 | D:6      | Found a burning altar of Makhleb.
 13690 | D:6      | Learned a level 3 spell: Stone Arrow
 13714 | D:7      | Reached skill level 5 in Conjurations
 14404 | D:7      | Got the Parchment of the Geologist and Changes
 14668 | D:8      | Reached skill level 1 in Earth Magic
 14691 | D:8      | Reached skill level 13 in Dodging
 15613 | D:8      | Found a hide-covered altar of Uskayaw.
 15724 | D:8      | Noticed an orc sorcerer
 15728 | D:8      | Noticed a rust devil
 15730 | D:8      | Noticed a sun demon
 15736 | D:8      | Noticed an orc sorcerer
 15740 | D:8      | Noticed a hellwing
 15741 | D:8      | Noticed an orange demon
 15949 | D:8      | Killed an orc sorcerer
 15950 | D:8      | Reached XP level 10. HP: 41/46 MP: 11/23
 16428 | D:8      | Killed an orc sorcerer
 17401 | D:9      | Reached skill level 14 in Dodging
 17637 | D:9      | Reached ** piety under Vehumet
 17637 | D:9      | Offered knowledge of Shock by Vehumet.
 17672 | D:9      | Found a staircase to the Lair.
 18215 | D:9      | Learned a level 2 spell: Blink
 18910 | D:10     | Entered Level 10 of the Dungeon
 18948 | D:10     | Found a shimmering blue altar of Sif Muna.
 19312 | D:10     | Found Meish's Superior Scales.
 19373 | D:10     | Reached XP level 11. HP: 51/51 MP: 13/25
 19579 | D:10     | Reached skill level 15 in Dodging
 19726 | D:10     | Offered knowledge of Static Discharge by Vehumet.
 21369 | D:11     | Acquired 1235 gold pieces
 21471 | D:6      | Bought the amulet of the Four Winds {rN+ Will+++ Clar} for
                  | 1335 gold pieces
 21471 | D:6      | Found the amulet of the Four Winds {rN+ Will+++ Clar}
 21642 | D:12     | Noticed a two-headed ogre
 21643 | D:12     | Noticed a two-headed ogre
 21645 | D:12     | Noticed TryHard88's ghost (journeyman MiBe)
 21645 | D:12     | Noticed a two-headed ogre
 21646 | D:12     | Found a transporter.
 21646 | D:12     | Noticed a two-headed ogre
 21647 | D:12     | Noticed an ettin
 21716 | D:12     | Noticed a red ugly thing
 21787 | D:12     | Noticed Lodul
 21799 | D:12     | Reached skill level 16 in Dodging
 21801 | D:11     | Killed Lodul
 21802 | D:11     | Reached skill level 5 in Earth Magic
 21815 | D:11     | Reached *** piety under Vehumet
 22040 | D:12     | Learned a level 5 spell: Lee's Rapid Deconstruction
 22156 | D:12     | Noticed Nergalle
 22327 | D:13     | Got the Catalogue of Ill-starred Transition
 22330 | D:13     | Noticed a boulder beetle
 22349 | D:13     | Annihilated by a boulder beetle
 22350 | D:13     | Reached XP level 10. HP: -22/49 MP: 24/24
 22381 | D:13     | Killed a boulder beetle
 22412 | D:13     | Noticed a catoblepas
 22417 | D:13     | Reached XP level 11. HP: 52/52 MP: 7/25
 22520 | D:12     | Noticed a deep elf pyromancer
 22526 | D:13     | Noticed a centaur warrior
 22527 | D:13     | Noticed a centaur warrior
 22529 | D:13     | Shot with an arrow by a centaur warrior
 22530 | D:13     | Reached XP level 10. HP: -2/49 MP: 8/24
 22540 | D:13     | Slain by a centaur warrior

Illustrated notes

Levels and vault maps discovered:
D:1:      dpeg_arrival_round_a, layout_basic
D:2:      minmay_chambers_of_ones, layout_rooms, lightli_corner_chamber,
          uniq_terence
D:3:      layout_rooms, hangedman_ru_absence, nicolae_overflow_squiral,
          uniq_crazy_yiuf_cottage, uniq_robin
D:4:      layout_cave_pools, elyvilon_altar_1, kennysheep_generic_room_15
D:5:      layout_cave_pools, temple_doors_ab, gammafunk_ghost_arena,
          uniq_blork_the_orc, uniq_eustachio
D:6:      layout_cave_pools, lightli_temple_of_fire, serial_shops, shop,
          uniq_prince_ribbit1, uniq_sigmund, uniq_menkaure, uniq_grinder,
          uniq_duvessa, uniq_pikel
D:7:      layout_cave_pools, grunt_decor_fettered
D:8:      cheibrodos_wizards_tower, layout_layer_cave,
          nicolae_overflow_crystal_walls
D:9:      layout_cave_pools, erik_lair_orcish_takeover
D:10:     layout_stronghold, general_overflow_altar, enter_bailey_5,
          hellmonk_scale_shop
D:11:     layout_cave_pools
D:12:     layout_cave_pools, erik_orc_3, gammafunk_ghost_smash,
          minmay_misc_feat_doors, uniq_nergalle, uniq_lodul
D:13:     layout_rooms, lightli_vaults_fourway_checkpoint, minmay_checkerbox
Temple:   eino_wide_crystal_templ

Skill      XL: |  1  2  3  4  5  6  7  8  9 10 11 |
---------------+----------------------------------+-----
Poison Magic   | 3 4 |  4.0
Stealth        | 3 |  3.3
Spellcasting   | 3 4 5 7 8 9 |  9.8
Dodging        | 4 6 10 11 13 14 16 | 16.5
Fighting       | 2 3 5 6 9 8 |  9.0
Conjurations   | 3 4 5 6 7 |  7.5
Earth Magic    | 1 3 5 |  5.5
Transmutations | |  1.1

Action                     |  1- 3 |  4- 6 |  7- 9 | 10-12 || total
---------------------------+-------+-------+-------+-------++-------
  Melee: Unarmed           |     4 |     1 |    18 |     1 ||    24
         Bite              |     1 |       |     2 |     1 ||     4
   Cast: Sting             |    47 |   122 |   229 |    55 ||   453
         Poisonous Vapours |    19 |   106 |   129 |    73 ||   327
         Mephitic Cloud    |       |     2 |     2 |       ||     4
         Olgreb's Toxic Ra |       |     1 |    13 |    22 ||    36
         Sandblast         |       |       |    43 |     2 ||    45
         Stone Arrow       |       |       |     5 |   127 ||   132
         Lee's Rapid Decon |       |       |       |     2 ||     2
    Use: Scroll            |       |     1 |    11 |    10 ||    22
         Potion            |       |       |     6 |       ||     6
 Armour: Skin              |     2 |     4 |     9 |     1 ||    16
  Dodge: Dodged            |    27 |    52 |   249 |   147 ||   475
  Block: Other             |     5 |    18 |    49 |    31 ||   103
         Reflection        |     1 |     2 |     7 |     4 ||    14

Table legend: (Time is in decaauts)
 A = Elapsed time spent in this place.
 B = Non-inter-level travel time spent in this place.
 C = Inter-level travel time spent in this place.
 D = Time resting spent in this place.
 E = Time spent auto-exploring this place.
 F = Levels seen in this place.
 G = Mean time per level.
                   A        B        C        D        E       F      G
               +--------+--------+--------+--------+--------+-----+--------+
         Total |  20997 |  20360 |    637 |   6769 |  10798 |  14 | 1499.8 |
       Dungeon |  20895 |  20283 |    612 |   6769 |  10730 |  13 | 1607.3 |
        Temple |    101 |     77 |     24 |      0 |     68 |   1 |  101.0 |
               +--------+--------+--------+--------+--------+-----+--------+

Top non-repeatable levels by time:
     D:6: 3269 daAuts
     D:8: 2581 daAuts
     D:3: 2116 daAuts
     D:2: 1944 daAuts
     D:4: 1938 daAuts
     D:5: 1862 daAuts
     D:7: 1491 daAuts
    D:10: 1458 daAuts
     D:1: 1380 daAuts
     D:9: 1081 daAuts
    D:11: 1065 daAuts
    D:12: 458 daAuts
    D:13: 247 daAuts
  Temple: 101 daAuts
